Map: Deathaura LE

Players

uwuThermal (uThermal) - Winner!

  • Race: Terran Terran
  • League: Grandmaster
  • Spawn Location: 5:00

SortOf

  • Race: Zerg Zerg
  • League: Grandmaster
  • Spawn Location: 11:00

Event: DreamHack SC2 Masters 2020 Fall

VOD

Have the link to the VOD?

Description

Time

  • Played on: Sept. 2, 2020, 12:42 p.m.
  • Length: 11:16

All games in this series

Show
View Real Time Build Order
Export as new Build Order

uwuThermal Terran - Winner!

Build Orders: Liberator Opening, Reaper Expand 

Get SALT Encoding   

  12  0:00  SCV  
  13  0:12  SCV  
  14  0:16  Supply Depot  
  14  0:24  SCV  
  15  0:38  SCV  
  15  0:39  Barracks  
  16  0:43  Refinery  
  16  0:50  SCV  
  17  1:02  SCV  
  18  1:14  SCV  
  19  1:27  Reaper, Orbital Command  
  20  1:39  Command Center  
  20  1:47  Supply Depot  
  20  1:53  SCV  
  21  1:59  Marine  
  22  2:05  SCV  
  22  2:08  Factory  
  23  2:17  SCV  
  23  2:20  Barracks Reactor  
  24  2:29  SCV  
  25  2:41  Command Center  
  25  2:42  SCV  
  26  2:51  Orbital Command  
  26  2:54  SCV  
  27  3:00  Starport  
  27  3:06  SCV  
  27  3:07  Refinery  
  27  3:12  Hellion  
  30  3:18  SCV  
  30  3:19  Hellion  
  33  3:20  SCV  
  34  3:30  SCV  
  34  3:32  SCV  
  36  3:35  Hellion  
  36  3:37  Viking  
  40  3:42  SCV  
  40  3:44  Hellion  
  40  3:45  SCV  
  43  3:53  Orbital Command  
  43  3:54  SCV  
  43  3:55  Barracks Tech Lab  
  44  3:57  SCV, Hellion  
  47  4:04  Supply Depot  
  47  4:06  Hellion  
  47  4:09  Liberator  
  52  4:11  SCV  
  52  4:12  SCV  
  54  4:18  Hellion  
  54  4:19  SCV  
  57  4:25  SCV  
  57  4:28  SCV, Supply Depot  
  57  4:29  Hellion  
  61  4:31  Stimpack, Marine  
  61  4:32  SCV  
  61  4:37  SCV, Supply Depot  
  64  4:39  Hellion  
  64  4:40  SCV  
  67  4:46  SCV  
  67  4:50  SCV  
  70  4:52  SCV  
  70  4:54  Starport Reactor  
  70  4:57  Marine  
  70  4:59  SCV  
  72  5:01  Supply Depot  
  72  5:02  SCV  
  73  5:08  SCV, Engineering Bay  
  73  5:09  Engineering Bay, Barracks  
  73  5:12  Barracks  
  74  5:14  Factory Tech Lab  
  74  5:15  Marine  
  74  5:16  SCV  
  74  5:17  Refinery  
  74  5:18  Orbital Command  
  76  5:22  SCV, Barracks  
  76  5:25  Barracks  
  77  5:28  SCV  
  77  5:29  Refinery  
  77  5:32  Marine  
  77  5:34  SCV, Siege Tank  
  83  5:40  SCV  
  84  5:45  SCV  
  84  5:46  Terran Infantry Weapons Level 1, Terran Infantry Armor Level 1  
  84  5:47  SCV  
  81  5:50  Marine  
  81  5:54  Starport Reactor  
  82  5:57  SCV  
  82  5:59  SCV  
  82  6:00  Marine  
  75  6:05  Marine  
  75  6:06  SCV  
  75  6:08  Marine  
  75  6:09  Missile Turret  
  72  6:11  Missile Turret x2  
  72  6:15  Barracks Reactor x2  
  72  6:16  SCV, Missile Turret  
  72  6:17  SCV  
  72  6:18  Missile Turret, Marine x3  
  74  6:23  Marine  
  74  6:25  Combat Shield, Siege Tank  
  79  6:26  Marine  
  79  6:27  SCV  
  79  6:29  SCV  
  82  6:33  SCV  
  82  6:35  Medivac  
  82  6:36  Marine  
  82  6:37  Marine x2  
  82  6:39  SCV, Medivac  
  91  6:41  SCV  
  91  6:45  Supply Depot  
  92  6:49  Marine  
  92  6:50  Missile Turret  
  92  6:52  Supply Depot  
  93  6:56  Refinery  
  93  7:07  SCV, Factory Reactor, Marine x7  
  101  7:10  Armory  
  101  7:11  Supply Depot  
  101  7:12  Supply Depot  
  101  7:13  Supply Depot, Marine x2  
  101  7:14  SCV, Medivac  
  106  7:16  Medivac  
  106  7:17  Missile Turret  
  108  7:25  Marine, Factory  
  109  7:30  Supply Depot  
  109  7:31  Supply Depot  
  109  7:32  Marine x7  
  109  7:35  Supply Depot  
  116  7:39  Marine  
  116  7:42  Command Center, Marine  
  118  7:46  Medivac x2  
  118  7:50  Widow Mine x2  
  126  7:52  Supply Depot, Marine  
  126  7:54  Supply Depot  
  126  7:55  Supply Depot, Marine  
  126  7:57  Marine  
  130  8:01  Marine  
  130  8:04  Marine, Terran Infantry Weapons Level 2  
  131  8:07  Terran Infantry Armor Level 2  
  131  8:11  Drilling Claws  
  131  8:12  Marine x2  
  133  8:13  Marine  
  133  8:15  Widow Mine  
  133  8:17  Widow Mine  
  133  8:19  Marine, Widow Mine  
  141  8:26  Medivac  
  143  8:31  Marine  
  144  8:35  Marine x2  
  144  8:37  Widow Mine, Marine  
  144  8:38  Widow Mine  
  144  8:39  Marine x2  
  144  8:41  Marine  
  153  8:44  Widow Mine  
  153  8:47  Marine x2, Barracks x2  
  155  8:49  Marine, Barracks  
  155  8:53  Marine x2  
  155  8:56  Marine  
  155  9:00  Widow Mine  
  155  9:01  Medivac, Marine x2  
  162  9:05  Marine  
  162  9:08  Missile Turret  
  163  9:10  Thor  
  163  9:13  Marine  
  163  9:15  Marine x2  
  172  9:18  SCV x2  
  172  9:21  Planetary Fortress  
  172  9:22  Marine  
  175  9:27  Marine, Widow Mine x2  
  175  9:30  Marine  
  175  9:31  Supply Depot  
  181  9:32  SCV  
  181  9:33  Marine  
  183  9:39  Barracks Reactor, Barracks Tech Lab x2  
  183  9:40  Marine x2  
  183  9:41  Marine  
  183  9:43  Marine x2  
  186  9:46  Marine  
  186  9:47  Medivac  
  186  9:49  Marine  
  186  9:50  Marine  
  191  9:52  Marine  
  191  9:55  Widow Mine  
  191  9:58  Marine  
  195  10:01  Concussive Shells, Marine, Widow Mine  
  195  10:02  Marine  
  195  10:03  Marine  
  200  10:07  Marine  
  200  10:14  Command Center  
  200  10:16  Command Center  
  200  10:32  Marauder, Marine, Widow Mine  
  200  10:33  Medivac, Marine  
  200  10:34  Marauder  
  191  10:37  Widow Mine  
  191  10:43  Marine  
  191  10:44  Marauder  
  191  10:48  Marine x2  
  196  10:54  Marauder  
  196  10:55  Marine  
Show
View Real Time Build Order
Export as new Build Order

SortOf Zerg 

Build Orders: Hatch First, Muta Ling Bane 

Get SALT Encoding   

  12  0:00  Drone  
  13  0:13  Overlord  
  13  0:18  Drone  
  14  0:31  Drone x2  
  16  0:49  Hatchery  
  15  0:52  Drone  
  15  0:56  Drone  
  17  1:00  Drone  
  18  1:10  Extractor  
  17  1:14  Spawning Pool  
  17  1:17  Drone  
  17  1:20  Drone  
  18  1:29  Drone  
  19  1:39  Drone  
  20  1:49  Drone  
  21  2:00  Queen x2  
  25  2:02  Zergling x2, Overlord  
  26  2:11  Zergling x2  
  26  2:12  Drone  
  26  2:13  Metabolic Boost  
  28  2:24  Drone x2  
  30  2:32  Spore Crawler  
  30  2:36  Queen  
  32  2:37  Queen  
  32  2:40  Drone  
  32  2:43  Drone  
  36  2:46  Overlord  
  36  2:50  Overlord  
  36  3:05  Drone x2  
  36  3:06  Drone x2  
  36  3:10  Drone x3  
  36  3:11  Drone x2  
  45  3:20  Lair  
  45  3:21  Drone  
  45  3:23  Drone  
  47  3:27  Drone  
  48  3:37  Hatchery  
  48  3:41  Drone  
  48  3:44  Drone  
  48  3:46  Extractor  
  48  3:51  Overlord, Drone x3  
  48  3:52  Drone  
  48  3:55  Drone, Extractor  
  52  3:58  Overlord  
  52  4:04  Baneling Nest  
  52  4:07  Drone  
  52  4:09  Overlord, Extractor  
  51  4:11  Drone x3  
  53  4:17  Drone  
  53  4:20  Spire  
  53  4:21  Drone x2  
  53  4:23  Zergling x2  
  56  4:27  Drone x2  
  56  4:28  Overseer  
  58  4:34  Spore Crawler, Queen  
  59  4:39  Overseer  
  59  4:41  Zergling x4  
  59  4:43  Drone  
  59  4:44  Drone  
  63  4:49  Drone x2  
  63  4:50  Drone  
  63  4:52  Overlord  
  66  4:54  Zergling x2  
  66  4:55  Baneling x2  
  66  4:57  Zergling x2  
  68  5:01  Drone x2  
  68  5:04  Spore Crawler  
  68  5:05  Zergling x4  
  71  5:08  Drone  
  71  5:14  Drone  
  73  5:16  Zergling x2  
  73  5:20  Overlord  
  73  5:21  Drone  
  75  5:24  Overlord  
  75  5:33  Overlord  
  75  5:35  Zergling x4  
  73  5:42  Mutalisk x6  
  72  5:52  Drone x2  
  72  5:56  Drone x6  
  71  6:00  Drone x2  
  69  6:06  Drone x3  
  69  6:10  Drone x2  
  72  6:17  Drone x2  
  74  6:19  Mutalisk x2  
  74  6:21  Drone  
  74  6:22  Drone  
  80  6:27  Extractor  
  80  6:30  Overlord  
  80  6:31  Drone x2  
  81  6:36  Overlord  
  81  6:38  Centrifical Hooks  
  81  6:40  Drone  
  81  6:41  Drone  
  81  6:45  Overlord  
  81  6:46  Drone x2, Extractor  
  84  6:47  Overlord  
  84  6:48  Drone  
  84  6:50  Drone  
  84  6:51  Drone  
  87  6:56  Mutalisk x2  
  87  7:00  Zergling x6  
  94  7:01  Drone  
  94  7:07  Drone x2  
  97  7:11  Hatchery  
  97  7:14  Drone  
  97  7:15  Drone x2  
  99  7:19  Zergling x6  
  102  7:26  Zerg Flyer Weapons Level 1, Evolution Chamber, Overseer  
  102  7:27  Evolution Chamber, Drone  
  101  7:30  Drone  
  101  7:31  Pneumatized Carapace  
  101  7:34  Zergling x6  
  105  7:39  Mutalisk x2  
  113  7:44  Zergling x8  
  113  7:46  Baneling x5  
  113  7:49  Overlord  
  113  7:52  Drone x3  
  113  7:57  Drone x4  
  120  8:02  Zerg Melee Weapons Level 1  
  120  8:03  Zerg Ground Armor Level 1  
  120  8:08  Zergling x12  
  120  8:11  Baneling x6  
  120  8:12  Baneling  
  126  8:17  Mutalisk x2  
  130  8:23  Mutalisk  
  130  8:26  Zergling x14  
  138  8:35  Overlord  
  132  8:42  Mutalisk x3  
  132  8:44  Zergling x8  
  140  8:51  Baneling x6  
  140  8:54  Overlord x2  
  138  8:59  Extractor x2  
  138  9:00  Drone x6  
  142  9:13  Mutalisk x3  
  142  9:17  Overlord  
  148  9:18  Zergling x16  
  156  9:28  Hatchery  
  155  9:35  Drone  
  155  9:36  Overlord, Mutalisk x4  
  164  9:39  Zergling x6  
  164  9:44  Zergling x4  
  167  9:45  Baneling x2  
  167  9:46  Baneling x5  
  167  9:47  Overlord  
  167  9:52  Mutalisk  
  159  9:53  Overlord  
  159  9:55  Zergling x14  
  166  10:04  Overlord x2  
  166  10:05  Overlord  
  166  10:08  Zergling x14  
  166  10:13  Overlord  
  162  10:31  Mutalisk x4  
  162  10:32  Mutalisk x2  
  162  10:34  Zergling x18  
  173  10:44  Zergling x12  
  157  10:57  Hatchery  

Tags
 
Add a new tag
Caveats
  • Supply blocks, unpowered buildings, or Contaminate may cause inaccurate times.
  • Supply counts are checked every 10 seconds.